Map: 이페머론 - 래더

Players

Patience

  • Race: Protoss Protoss
  • Spawn Location: 5:00

Maru - Winner!

  • Race: Terran Terran
  • Spawn Location: 11:00

Event: IEM Katowice 2020

VOD

Have the link to the VOD?

Description

Time

  • Played on: Feb. 28, 2020, 6:17 a.m.
  • Length: 10:10

All games in this series

Show
View Real Time Build Order
Export as new Build Order

Patience Protoss 

Build Orders: 1 Gate Expand, Oracle Opening 

Get SALT Encoding   

  12  0:01  Probe  
  13  0:14  Probe  
  14  0:19  Pylon  
  14  0:26  Probe (Chrono Boost)  
  15  0:38  Gateway  
  15  0:39  Probe (Chrono Boost)  
  16  0:44  Probe (Chrono Boost)  
  16  0:47  Assimilator  
  17  0:53  Probe  
  18  1:05  Probe  
  19  1:17  Probe  
  20  1:24  Nexus  
  20  1:34  Cybernetics Core  
  20  1:38  Probe  
  21  1:43  Assimilator  
  21  1:50  Probe  
  22  1:54  Pylon  
  22  2:02  Probe  
  23  2:10  Probe, Adept (Chrono Boost)  
  26  2:18  Probe  
  26  2:20  Stargate  
  27  2:25  Warp Gate  
  27  2:29  Probe  
  27  2:33  Adept  
  27  2:36  Probe  
  31  2:41  Probe  
  32  2:48  Probe (Chrono Boost)  
  35  2:59  Probe (Chrono Boost)  
  35  3:00  Probe (Chrono Boost)  
  35  3:02  Oracle (Chrono Boost)  
  35  3:05  Probe (Chrono Boost)  
  39  3:06  Probe (Chrono Boost)  
  40  3:14  Pylon  
  40  3:15  Probe  
  40  3:17  Probe, Adept  
  44  3:27  Probe  
  44  3:31  Oracle (Chrono Boost)  
  44  3:32  Pylon  
  48  3:40  Gateway  
  48  3:41  Gateway  
  48  3:44  Probe  
  49  3:54  Probe  
  48  4:00  Shield Battery  
  48  4:01  Probe  
  49  4:03  Phoenix (Chrono Boost)  
  49  4:07  Assimilator  
  49  4:09  Assimilator  
  51  4:12  Probe  
  51  4:14  Probe  
  50  4:21  Phoenix (Chrono Boost)  
  50  4:24  Probe, Gateway  
  48  4:41  Phoenix (Chrono Boost)  
  50  4:49  Probe  
  50  4:52  Probe  
  50  4:53  Adept x2  
  50  4:54  Adept  
  56  5:00  Pylon  
  56  5:01  Probe  
  56  5:05  Probe  
  58  5:07  Pylon  
  58  5:10  Oracle (Chrono Boost)  
  58  5:14  Probe  
  59  5:19  Probe  
  63  5:21  Adept  
  63  5:22  Adept x2  
  63  5:25  Adept  
  71  5:32  Probe  
  71  5:33  Probe  
  73  5:38  Pylon  
  73  5:39  Nexus  
  73  5:48  Phoenix  
  71  6:02  Stalker x4  
  77  6:11  Probe x2  
  77  6:13  Twilight Council  
  77  6:15  Forge  
  79  6:22  Robotics Facility  
  79  6:23  Probe x2  
  81  6:32  Pylon  
  81  6:35  Probe x2, Protoss Ground Armor Level 1 (Chrono Boost)  
  83  6:41  Charge (Chrono Boost)  
  79  6:47  Probe  
  79  6:48  Probe  
  81  6:57  Sentry x2  
  81  6:58  Sentry  
  81  7:01  Gateway x2  
  87  7:02  Gateway  
  87  7:05  Gateway  
  87  7:07  Gateway  
  87  7:08  Probe x2  
  88  7:10  Probe  
  88  7:11  Observer (Chrono Boost)  
  91  7:21  Probe x2  
  93  7:24  Probe  
  93  7:27  Templar Archives  
  94  7:30  Warp Prism (Chrono Boost)  
  94  7:32  Pylon  
  94  7:34  Probe x2  
  98  7:44  Probe  
  98  7:46  Probe, Pylon  
  98  7:47  Pylon  
  98  7:49  Pylon  
  101  7:55  Pylon  
  101  8:02  Zealot x3  
  101  8:03  Zealot x5  
  116  8:09  Zealot  
  116  8:12  Warp Prism (Chrono Boost)  
  118  8:29  Assimilator  
  118  8:30  Assimilator  
  102  8:47  Zealot x7  
  102  8:48  Zealot x2  
  116  8:53  Immortal (Chrono Boost)  
  118  9:10  High Templar x2  
  118  9:11  Stalker x5  
  118  9:14  Archon  
  118  9:15  Stalker  
  134  9:18  Zealot  
  126  9:34  Zealot  
  126  9:35  Zealot x4  
  130  9:39  Zealot x2  
  88  9:54  Sentry x2  
  88  9:56  Sentry  
  88  9:57  Sentry  
  88  9:59  Stalker x3  
  90  10:07  Zealot x2  
Show
View Real Time Build Order
Export as new Build Order

Maru Terran - Winner!

Build Orders: Gas First Reaper Expand, Liberator Opening 

Get SALT Encoding   

  12  0:00  SCV  
  13  0:12  SCV  
  14  0:17  Supply Depot  
  14  0:24  SCV  
  15  0:28  Refinery  
  15  0:38  SCV  
  16  0:44  Barracks  
  16  0:50  SCV  
  17  1:02  SCV  
  18  1:14  SCV  
  19  1:31  Reaper, Orbital Command  
  20  1:46  Command Center  
  20  1:57  Factory  
  20  2:00  SCV  
  21  2:07  Barracks Reactor  
  21  2:12  SCV  
  22  2:16  Supply Depot  
  22  2:23  Refinery  
  22  2:24  SCV  
  23  2:38  SCV  
  24  2:47  Starport  
  24  2:49  Hellion x2  
  24  2:50  Marine  
  29  2:51  SCV  
  30  3:00  Orbital Command  
  30  3:11  Hellion  
  30  3:12  Hellion  
  34  3:15  Barracks Tech Lab  
  34  3:17  SCV  
  35  3:24  Medivac  
  38  3:27  SCV  
  38  3:33  Supply Depot  
  38  3:40  Cyclone, Marine  
  42  3:43  Marine  
  42  3:44  SCV  
  42  3:46  SCV  
  43  3:57  SCV  
  43  3:58  SCV  
  45  4:03  Marine  
  45  4:04  Marine  
  45  4:07  Supply Depot  
  46  4:12  SCV, Liberator  
  46  4:13  SCV  
  48  4:17  Cyclone  
  52  4:24  SCV  
  52  4:25  SCV  
  51  4:36  SCV  
  51  4:37  SCV  
  51  4:38  Marine x2  
  53  4:41  Supply Depot  
  53  4:48  SCV  
  53  4:49  SCV  
  53  4:50  Cyclone  
  54  4:55  Marine  
  54  4:56  Marine  
  56  5:00  SCV  
  56  5:01  SCV  
  58  5:12  SCV  
  58  5:13  SCV, Marine x2  
  62  5:15  Supply Depot  
  62  5:20  Command Center  
  62  5:24  SCV  
  62  5:25  SCV  
  62  5:26  Siege Tank  
  67  5:31  Marine x2  
  69  5:36  SCV  
  69  5:37  SCV  
  69  5:38  Barracks x2  
  69  5:41  Refinery  
  67  5:48  SCV  
  67  5:49  Marine x2  
  69  5:50  SCV  
  69  6:01  SCV  
  69  6:02  SCV  
  69  6:03  Siege Tank  
  74  6:07  Marine x2  
  72  6:12  Engineering Bay, Bunker  
  72  6:13  SCV, Engineering Bay  
  72  6:14  SCV  
  74  6:18  Supply Depot  
  74  6:19  Supply Depot  
  74  6:24  Marine  
  74  6:25  SCV, Marine  
  77  6:26  SCV  
  77  6:31  Barracks Tech Lab, Liberator  
  77  6:32  Orbital Command  
  80  6:37  SCV  
  80  6:38  SCV  
  82  6:44  Barracks  
  82  6:46  Barracks  
  78  6:47  Terran Infantry Weapons Level 1, Terran Infantry Armor Level 1  
  78  6:49  SCV  
  78  6:50  SCV  
  78  6:53  Stimpack  
  79  6:59  Refinery  
  79  7:01  SCV, Factory Reactor  
  79  7:04  Marine  
  79  7:05  Marauder x2, Marine  
  86  7:08  Combat Shield  
  86  7:12  Missile Turret  
  86  7:13  SCV  
  86  7:14  SCV  
  88  7:16  Starport Reactor  
  88  7:23  Marine x2  
  88  7:26  Supply Depot, Marauder  
  88  7:27  Marauder  
  88  7:28  Starport Reactor  
  94  7:33  Barracks Reactor, Barracks Tech Lab  
  94  7:37  Orbital Command  
  94  7:38  SCV  
  94  7:39  Supply Depot  
  94  7:41  Supply Depot, Marine x2  
  94  7:42  Widow Mine x2  
  101  7:47  SCV  
  101  7:48  Marauder x2  
  101  7:50  SCV  
  109  7:58  Marauder  
  109  7:59  SCV, Marine x2  
  109  8:02  SCV, Supply Depot x2  
  109  8:04  Widow Mine x2  
  109  8:05  Medivac x2  
  121  8:09  Marauder x2  
  121  8:11  Missile Turret  
  125  8:13  SCV  
  125  8:14  Supply Depot  
  125  8:15  SCV, Supply Depot  
  125  8:16  Concussive Shells  
  125  8:19  Marine x3  
  129  8:20  Marine  
  129  8:22  SCV  
  129  8:25  Widow Mine  
  134  8:37  Marine x2  
  134  8:38  Marauder x2  
  134  8:39  Marine  
  134  8:40  Marauder  
  135  8:43  Medivac x2  
  136  8:49  SCV  
  136  8:50  SCV x2  
  136  8:51  Armory  
  136  8:53  Refinery x2  
  136  8:54  Marine  
  136  8:55  Marine  
  141  8:58  Widow Mine  
  141  8:59  Marauder, Widow Mine  
  141  9:01  Marine  
  141  9:02  Marauder  
  150  9:03  Marine  
  151  9:12  Marauder, Marine  
  151  9:13  Supply Depot  
  151  9:14  Supply Depot  
  151  9:17  Medivac  
  156  9:23  Marine  
  156  9:24  Marauder x2, Marine  
  162  9:27  Marine  
  159  9:33  Marauder  
  159  9:42  Marine  
  145  9:45  Marauder  
  145  9:48  Marine x2  
  145  9:49  Marauder  
  135  10:04  Command Center  

Tags
 
Add a new tag
Caveats
  • Supply blocks, unpowered buildings, or Contaminate may cause inaccurate times.
  • Supply counts are checked every 10 seconds.